[Event "Team 45 45 League T39"]
[Site "Internet Chess Club"]
[Date "2008.11.24"]
[Round "5"]
[White "Fogbound"]
[Black "musk6868"]
[Result "0-1"]
[WhiteElo "1222"]
[BlackElo "1565"]
[Opening "Queen's bishop game"]
[ECO "D00"]
[Time "05:56:36"]
[TimeControl "2700+45"]

1. d4 d5 2. Bf4 Nf6 3. Nf3 e6 4. e3 Nbd7 5. Bd3 Bd6 6. Ne5 O-O 7. Nd2 Bb4 8. c3
Ba5 9. O-O Bb6 10. Qf3 c5 11. Rfe1 cxd4 12. exd4 Bc7 13. h4 Re8 14. Bc2 Nf8 15.
h5 b5 16. h6 Bxe5 17. Bxe5 N8d7 18. Qg3 g6 19. Nf3 Nxe5 20. Nxe5 Qc7 21. Qf3 Ne4
22. Rxe4 dxe4 23. Qf6 Kf8 24. Qg7+ Ke7 25. Qxf7+ Kd8 26. Qf6+ Re7 27. Bxe4 Bb7
28. Qf8+ Re8 29. Nf7+ Kd7 30. Ne5+ Qxe5 31. dxe5 Rxf8 32. Bxb7 Rab8 33. Rd1+ Kc7
34. Ba6 Rb6 35. Bxb5 Rxb5 36. Rd6 Rb6 37. Rd2 Rf5 38. a4 Rxe5 39. b4 Re1+ 40.
Kh2 Rc1 41. a5 Rb5 42. Re2 Rxc3 43. Rxe6 Rh5+ {White resigns} 0-1

[Event "Team 45 45 League T39"]
[Site "Internet Chess Club"]
[Date "2008.11.24"]
[Round "5"]
[White "gok"]
[Black "BigH"]
[Result "0-1"]
[WhiteElo "1588"]
[BlackElo "1756"]
[Opening "Sicilian: Najdorf, Byrne (English) attack"]
[ECO "B90"]
[Time "08:18:48"]
[TimeControl "2700+45"]

1. e4 c5 2. Nf3 d6 3. d4 cxd4 4. Nxd4 Nf6 5. Nc3 a6 6. Be3 e5 7. Nb3 Be6 8. Be2
Be7 9. Qd2 Nbd7 10. f3 Nc5 11. O-O-O O-O 12. g4 Nxb3+ 13. cxb3 Rc8 14. Kb1 b5
15. h4 Qc7 16. h5 b4 17. Nd5 Nxd5 18. exd5 Bd7 19. Bd3 a5 20. g5 f5 21. g6 f4
22. gxh7+ Kh8 23. Bg1 Qb7 24. Be4 a4 25. bxa4 Bxa4 26. b3 Bb5 27. Qg2 Rc3 28.
Bf2 Rfc8 29. Rdg1 Bf8 30. h6 Bd3+ 31. Bxd3 Rxd3 {White disconnected and
forfeits} 0-1

[Event "Team 45 45 League T39"]
[Site "Internet Chess Club"]
[Date "2008.11.24"]
[Round "5"]
[White "pestka"]
[Black "bbentrup"]
[Result "1-0"]
[WhiteElo "2252"]
[BlackElo "2152"]
[Opening "Réti opening"]
[ECO "A04"]
[Time "15:36:56"]
[TimeControl "2700+45"]

1. Nf3 g6 2. c4 Bg7 3. Nc3 e5 4. d4 Nc6 5. d5 Nce7 6. d6 cxd6 7. e4 d5 8. cxd5
d6 9. Bb5+ Kf8 10. O-O a6 11. Be2 Bh6 12. Bxh6+ Nxh6 13. Rc1 Kg7 14. Qd2 Bg4 15.
Ng5 Bxe2 16. Nxe2 Ng4 17. h3 h6 18. Nxf7 Kxf7 19. hxg4 Qb6 20. Rc3 g5 21. Ng3
Rac8 22. Rfc1 Rxc3 23. Rxc3 Rc8 24. Rxc8 Nxc8 25. Nf5 Kg6 26. Qc3 Qc5 27. Qxc5
dxc5 28. a4 Nb6 29. a5 Nd7 30. f3 b5 31. axb6 Nxb6 32. Kf2 h5 33. gxh5+ Kxh5 34.
g4+ Kg6 35. Ke2 Kf7 36. Kd3 Ke8 37. Ng7+ Ke7 38. Ne6 Kf6 39. Nxc5 {Black
resigns} 1-0

[Event "Team 45 45 League T39"]
[Site "Internet Chess Club"]
[Date "2008.11.24"]
[Round "5"]
[White "chess92192"]
[Black "eurander"]
[Result "0-1"]
[WhiteElo "1832"]
[BlackElo "2232"]
[Opening "Grünfeld: exchange, classical variation"]
[ECO "D87"]
[Time "17:00:14"]
[TimeControl "2700+45"]

1. d4 Nf6 2. c4 g6 3. Nc3 d5 4. cxd5 Nxd5 5. e4 Nxc3 6. bxc3 Bg7 7. Bc4 c5 8.
Be3 O-O 9. Ne2 Nc6 10. O-O Bg4 11. f3 Na5 12. Bb3 Bd7 13. Rc1 cxd4 14. cxd4 Bb5
15. Re1 Rc8 16. d5 Nxb3 17. Rxc8 Qxc8 18. Qxb3 Bc4 19. Qc2 a6 20. Nd4 e6 21. Rc1
b5 22. Nc6 Qd7 23. Qd2 Re8 24. Na5 exd5 25. Nxc4 bxc4 26. Rxc4 Qb5 27. Rb4 Qd7
28. exd5 Bf8 29. Rb3 Bd6 30. Qd3 Qc7 31. Qc3 Bxh2+ 32. Kf1 Qd6 33. Qc6 Qe5 34.
Rc3 Rd8 35. Rd3 Bg3 36. Qc3 Qxc3 37. Rxc3 Rxd5 38. Bh6 Rd8 39. Rc6 Re8 40. Bd2
Re6 41. Rxe6 fxe6 42. Ke2 Kf7 43. Kd3 Ke7 44. Kc4 Kd6 45. Bb4+ Kc6 46. a4 Be5
47. Bc5 Bc7 48. Be7 Bb6 49. Bf6 Kd6 50. Bc3 h5 51. Bf6 e5 52. Bg5 Ke6 53. Bd2
Bf2 54. Kb4 Bb6 55. Kc4 Kd6 56. Bb4+ Kc6 57. Bc3 Bc7 58. Bb4 g5 59. Bd2 g4 60.
fxg4 hxg4 61. Bc3 Kd6 62. Bd2 Bb6 63. Bb4+ Ke6 64. Be1 Kf5 65. Kd5 Kf4 66. Kc6
Bd8 67. Kd7 Bg5 68. Bd2+ Kf5 69. Be1 Ke4 70. Kc6 Kd3 71. a5 e4 72. Kb6 Bd2 73.
Bg3 e3 74. Kxa6 e2 75. Kb5 e1=Q 76. Bxe1 Bxe1 77. a6 Bf2 78. Kc6 Ke4 79. Kd6
{White resigns} 0-1

[Event "Team 45 45 League T39"]
[Site "Internet Chess Club"]
[Date "2008.11.22"]
[Round "5"]
[White "VanillaQueen"]
[Black "John3v16"]
[Result "1-0"]
[WhiteElo "1902"]
[BlackElo "1697"]
[Opening "Dunst (Sleipner, Heinrichsen) opening"]
[ECO "A00"]
[Time "05:29:46"]
[TimeControl "2700+45"]

1. Nc3 f5 2. e4 d6 3. d4 Nf6 4. Bd3 fxe4 5. Nxe4 Nxe4 6. Bxe4 g6 7. c3 Bg7 8.
Qb3 c6 9. Nf3 d5 10. Ng5 e5 11. dxe5 Bxe5 12. O-O Qd6 13. f4 Bg7 14. f5 Nd7 15.
Bf4 Be5 16. Bxe5 Nxe5 17. Bc2 O-O 18. fxg6 Nxg6 19. Bxg6 Qxg6 20. Rxf8+ Kxf8 21.
Rf1+ Kg8 22. Qb4 Bf5 23. Qxb7 Re8 24. Nf3 Bh3 25. Nh4 Bc8 26. Qxa7 Qh5 27. Qf2
Ba6 28. Rc1 Rf8 29. Qg3+ Kh8 30. Re1 Qh6 31. Qe5+ Kg8 32. Nf5 Qf6 33. Ne7+ Kg7
34. Nxc6 Qxe5 35. Nxe5 Re8 36. Nf3 Rb8 37. b4 Rc8 38. Re3 Bc4 39. a4 Rf8 40. Nd2
Ba6 41. b5 Bc8 42. a5 Kg6 43. a6 Rf6 44. a7 Bb7 45. Re7 Rb6 46. Rxb7 {Black
resigns} 1-0

[Event "Team 45 45 League T39"]
[Site "Internet Chess Club"]
[Date "2008.11.24"]
[Round "5"]
[White "Timotheous"]
[Black "tourettes"]
[Result "1/2-1/2"]
[WhiteElo "1684"]
[BlackElo "1687"]
[Opening "English opening"]
[ECO "A30"]
[Time "16:08:50"]
[TimeControl "2700+45"]

1. Nf3 Nf6 2. c4 c5 3. g3 e6 4. Bg2 Be7 5. O-O d6 6. b3 O-O 7. Bb2 Nbd7 8. d3
Rb8 9. Nbd2 b6 10. Rc1 Bb7 11. Rc2 d5 12. cxd5 exd5 13. d4 Re8 14. Qa1 Ba6 15.
Re1 Rc8 16. e3 Bd3 17. Rc3 Ba6 18. Rec1 h6 19. Qb1 Bd6 20. Bf1 Bxf1 21. Kxf1 Qe7
22. Kg2 Ne4 23. Nxe4 Qxe4 24. Qxe4 Rxe4 25. dxc5 bxc5 26. R3c2 c4 27. Nd2 Re6
28. bxc4 dxc4 29. Rxc4 Rb8 30. Rc8+ Rxc8 31. Rxc8+ Kh7 32. Rc6 Nb8 33. Rc4 Re7
34. Rg4 g5 35. Rd4 Bc5 36. Rc4 Bb6 37. g4 Nd7 38. Rc8 Ne5 39. h3 f6 40. Ne4 Nxg4
41. Nxf6+ Nxf6 42. Bxf6 Rd7 43. Bc3 Kg6 44. a4 Kh5 45. a5 Bd8 46. Bd4 Bxa5 {Game
drawn by mutual agreement} 1/2-1/2

[Event "Team 45 45 League T39"]
[Site "Internet Chess Club"]
[Date "2008.11.24"]
[Round "5"]
[White "Despair"]
[Black "chipionero"]
[Result "1/2-1/2"]
[WhiteElo "1941"]
[BlackElo "1727"]
[Opening "Benko's opening"]
[ECO "A00"]
[Time "15:00:17"]
[TimeControl "2700+45"]

1. g3 g6 2. c3 d6 3. Bg2 Bg7 4. d4 Nf6 5. Nf3 c6 6. O-O O-O 7. Bf4 Nd5 8. Bd2
Nd7 9. e4 Nc7 10. Be3 e5 11. Bg5 Qe8 12. dxe5 dxe5 13. Qb3 Qe6 14. Nbd2 Qxb3 15.
axb3 b6 16. Nc4 Ba6 17. Rfd1 Nc5 18. Be7 Rfe8 19. Bxc5 bxc5 20. Rd7 Bxc4 21.
Rxc7 Bxb3 22. Rxc6 c4 23. Rca6 Re7 24. Nd2 Rb7 25. Bf1 Bh6 26. Nxb3 Rxb3 27.
Bxc4 Rxb2 28. Bd5 Rf8 29. Rxa7 Bd2 30. c4 Bc3 31. R1a2 Rb1+ 32. Kg2 Bd4 33. Ra8
Rbb8 34. Rxb8 Rxb8 35. h4 Kf8 36. g4 Ke7 37. g5 Rb2 38. Rxb2 Bxb2 39. c5 Bc1 40.
c6 Ba3 41. Kf3 Kd8 42. Bxf7 Bf8 43. Bg8 h6 44. h5 gxh5 45. g6 Bg7 46. Kg3 Bf6
47. Kh3 Kc7 48. Bd5 Kd6 49. f3 Kc7 50. Kg3 h4+ 51. Kh3 Kd6 52. Kh2 Kc7 53. Kg2
{Game drawn by mutual agreement} 1/2-1/2

[Event "Team 45 45 League T39"]
[Site "Internet Chess Club"]
[Date "2008.11.22"]
[Round "5"]
[White "IceBox"]
[Black "czek"]
[Result "0-1"]
[WhiteElo "1732"]
[BlackElo "1910"]
[Opening "Benkö gambit accepted"]
[ECO "A58"]
[Time "09:14:06"]
[TimeControl "2700+45"]

1. d4 Nf6 2. c4 c5 3. d5 b5 4. cxb5 a6 5. bxa6 Bxa6 6. Nc3 g6 7. Nf3 Bg7 8. g3
d6 9. Bg2 Nbd7 10. O-O Nb6 11. Re1 O-O 12. e4 Nc4 13. Nd2 Ne5 14. Qc2 Nd3 15.
Re3 Nxc1 16. Qxc1 Ng4 17. Re1 Bd4 18. Nd1 Ne5 19. Nf3 Qa5 20. Nc3 Bxf2+ 21. Kh1
Nxf3 22. Bxf3 Bxe1 23. Qxe1 e5 24. dxe6 fxe6 25. Bg2 Qb6 26. b3 Bb7 27. Rd1 Rf7
28. Qd2 Qa5 29. Bh3 Rf6 30. Rc1 d5 31. exd5 exd5 32. Bg2 Rd8 33. Kg1 Rfd6 34.
Qf4 Bc6 35. Qe5 Qa7 36. Ne2 d4 37. Bxc6 Rxc6 38. Nf4 Rcd6 39. Nd3 Rd5 40. Qe2
Qa6 41. Qe7 Qc8 42. Qe2 Re8 43. Qc2 Qe6 44. Qc4 Rd6 45. Qxe6+ Rexe6 46. Nxc5 Re2
47. a4 d3 48. Rd1 d2 49. Kf1 Re5 50. b4 Rf6+ 51. Kg2 Re2+ 52. Kh3 Rff2 53. Nd3
Rxh2+ 54. Kg4 Re3 55. a5 Rxd3 56. a6 Rd4+ 57. Kf3 Rxb4 58. g4 Rb3+ 59. Kf4 Ra3
60. Ke5 Rxa6 {White resigns} 0-1

[Event "Team 45 45 League T39"]
[Site "Internet Chess Club"]
[Date "2008.11.22"]
[Round "5"]
[White "BigH"]
[Black "Dbronstein06"]
[Result "0-1"]
[WhiteElo "1747"]
[BlackElo "1661"]
[Opening "Réti: Nimzovich-Larsen attack"]
[ECO "A01"]
[Time "11:02:25"]
[TimeControl "2700+45"]

1. b3 d5 2. Nf3 Bg4 3. c4 Bxf3 4. gxf3 dxc4 5. bxc4 e5 6. Bb2 Nc6 7. Bg2 Nf6 8.
Qb3 Qd7 9. f4 O-O-O 10. fxe5 Ng4 11. Qf3 Bc5 12. O-O Bd4 13. Nc3 Ngxe5 14. Qg3
Nxc4 15. Nb5 Bxb2 16. Bh3 f5 17. Bxf5 Bxa1 18. Bxd7+ Rxd7 19. Rxa1 Nxd2 20. Rd1
Nf3+ 21. Kg2 Nh4+ 22. Kh3 Nf5 23. Qf4 Rf7 24. Qa4 a6 25. Nc3 Nd6 26. f3 Ne5 27.
Ne4 Ndc4 28. Qb3 Rhf8 29. Kg2 g5 30. h3 h6 31. Nc5 Nb6 32. Qe6+ Ned7 33. Nxd7
Nxd7 34. Qxh6 Nf6 35. Qg6 Rh7 36. Kf2 g4 37. hxg4 Rh2+ 38. Kf1 Rh1+ 39. Kg2 Rxd1
40. Qf5+ Kb8 41. g5 Nd7 42. Qh7 Rd6 43. g6 Nf6 44. Qe7 Re8 45. Qf7 Rxe2+ 46. Kg3
Re8 47. g7 Rg8 48. Qf8+ Ka7 49. f4 Rxg7+ 50. Kh4 Rg4+ 51. Kh3 Rd3+ 52. Kh2 Rd5
{White resigns} 0-1

[Event "Team 45 45 League T39"]
[Site "Internet Chess Club"]
[Date "2008.11.22"]
[Round "5"]
[White "Juan73"]
[Black "quotha"]
[Result "0-1"]
[WhiteElo "1613"]
[BlackElo "1676"]
[Opening "Philidor's defense"]
[ECO "C41"]
[Time "08:00:10"]
[TimeControl "2700+45"]

1. e4 e5 2. Nf3 d6 3. Nc3 Nf6 4. Bc4 Be7 5. d4 exd4 6. Nxd4 O-O 7. Bg5 a6 8. Qd2
Bd7 9. O-O-O b5 10. Bd3 c5 11. Nf5 Bxf5 12. exf5 d5 13. h4 Nc6 14. Be2 d4 15.
Qf4 Qa5 16. Nb1 Nb4 17. c3 Nxa2+ 18. Kc2 Rac8 19. Rh3 Rfd8 20. g4 Nd5 21. Qe4
Bf6 22. Bxf6 Nxf6 23. Qf3 b4 24. c4 b3+ 25. Qxb3 Rb8 26. Qa3 Nb4+ 27. Kc1 Qc7
28. Qg3 Qxg3 29. Rxg3 Ne4 30. Rf3 Na2+ 31. Kc2 Rb4 32. b3 Rdb8 33. Kb2 Nec3 34.
Nxc3 Nxc3 35. Rxc3 dxc3+ 36. Kxc3 Rxb3+ 37. Kd2 Rb2+ 38. Ke1 Re8 39. Rd2 Rb1+
40. Rd1 Rxd1+ 41. Kxd1 Re4 42. f3 Re3 43. Kd2 Rb3 44. Bd1 Rb4 45. Kc3 f6 46. Bc2
a5 47. Be4 a4 48. Bc2 a3 49. Bb3 Rb6 50. Kc2 Kf8 51. Kc3 Ra6 52. Ba2 Rb6 53. Bb3
Ke7 54. Kc2 Kd6 55. f4 Kc7 56. Kc3 Kb7 57. Kc2 Ka6 58. Kc3 Ka5 59. h5 h6 60. Kc2
Kb4 61. Ba2 Rd6 62. Kc1 Kc3 63. Bb1 Kxc4 64. Kc2 Rd4 65. Ba2+ Kb4 66. Bf7 Rxf4
67. Kd3 Rxg4 68. Kc2 c4 69. Kc1 Rg1+ {White resigns} 0-1

[Event "Team 45 45 League T39"]
[Site "Internet Chess Club"]
[Date "2008.11.23"]
[Round "5"]
[White "ErCaos"]
[Black "Fosca"]
[Result "0-1"]
[WhiteElo "1779"]
[BlackElo "1901"]
[Opening "French: exchange variation"]
[ECO "C01"]
[Time "16:02:50"]
[TimeControl "2700+45"]

1. e4 e6 2. d4 d5 3. exd5 exd5 4. Nf3 Bg4 5. Be2 Bd6 6. O-O Nc6 7. c3 Nge7 8.
Bg5 f6 9. Be3 Qd7 10. a4 O-O 11. b4 Rae8 12. Na3 Nf5 13. Nc2 Nxe3 14. Nxe3 Be6
15. Qc2 Bf4 16. Bd3 g6 17. Rfe1 Ne7 18. c4 Bxe3 19. Rxe3 dxc4 20. Bxc4 Bxc4 21.
Qxc4+ Nd5 22. Rae1 c6 23. Rxe8 Rxe8 24. Rxe8+ Qxe8 25. b5 Kf7 26. bxc6 Qxc6 27.
Nd2 Qxc4 28. Nxc4 Ke6 29. Na5 b6 30. Nb3 Nc3 31. a5 Kd5 32. axb6 axb6 33. Kf1
Kc4 34. Nd2+ Kxd4 35. Ke1 b5 36. Nb3+ Kd5 37. Kd2 Ne4+ 38. Ke3 f5 39. f3 Nc5 40.
Nd4 b4 41. g3 b3 42. Nxb3 Nxb3 43. Kf4 Ke6 44. Kg5 Kf7 45. Kh6 Kg8 46. g4 Nd4
47. gxf5 Nxf5+ 48. Kg5 Kg7 49. h4 h6+ 50. Kg4 Kf6 51. h5 g5 52. f4 gxf4 53. Kxf4
Ng7 54. Kg4 Ke5 55. Kh4 Kf4 56. Kh3 Nxh5 57. Kh4 Nf6 58. Kh3 Kg5 59. Kh2 Kg4 60.
Kh1 Kg3 61. Kg1 h5 62. Kh1 h4 63. Kg1 h3 64. Kh1 Ng4 65. Kg1 h2+ 66. Kh1 Nf2#
{White checkmated} 0-1

[Event "Team 45 45 League T39"]
[Site "Internet Chess Club"]
[Date "2008.11.23"]
[Round "5"]
[White "LeChatelier"]
[Black "andrew28"]
[Result "1/2-1/2"]
[WhiteElo "1787"]
[BlackElo "1748"]
[Opening "Sicilian: Najdorf variation"]
[ECO "B98"]
[Time "16:06:21"]
[TimeControl "2700+45"]

1. e4 c5 2. Nf3 d6 3. d4 cxd4 4. Nxd4 Nf6 5. Nc3 a6 6. Bg5 e6 7. f4 Be7 8. Qf3
Qc7 9. O-O-O Nc6 10. Qg3 h6 11. Bh4 O-O 12. Qf3 Bd7 13. g4 Nxd4 14. Rxd4 e5 15.
Rc4 Qa5 16. Bxf6 Bxf6 17. Nd5 Qe1+ 18. Qd1 Qxd1+ 19. Kxd1 Bxg4+ 20. Be2 Bxe2+
21. Kxe2 exf4 22. Nxf6+ gxf6 23. Rf1 Rac8 24. Rxc8 Rxc8 25. c3 Rc5 26. Rxf4 Kg7
27. Ke3 Rg5 28. Rf2 Re5 29. Kd4 Kg6 30. a4 f5 31. Rg2+ Kf6 32. exf5 Rxf5 33. b4
Ke6 34. Rg8 Rf4+ 35. Ke3 Rc4 36. Kd3 Rh4 37. Rb8 Rxh2 38. Rxb7 Rh3+ 39. Kd4 f5
40. b5 axb5 41. axb5 f4 42. b6 Rg3 43. Rh7 f3 44. Rxh6+ Kd7 45. Rh7+ Kc6 46. b7
Rg8 47. Rf7 f2 48. Rxf2 Kxb7 49. Rf6 Kc6 50. Rf4 Ra8 51. c4 Ra1 52. Rf8 Rd1+ 53.
Kc3 Rc1+ 54. Kb3 Rb1+ 55. Kc3 Rc1+ 56. Kd4 Rd1+ 57. Kc3 Rc1+ 58. Kb4 Rb1+ {Game
drawn by mutual agreement} 1/2-1/2

[Event "Team 45 45 League T39"]
[Site "Internet Chess Club"]
[Date "2008.11.23"]
[Round "5"]
[White "jjmolina"]
[Black "attalone"]
[Result "1/2-1/2"]
[WhiteElo "1753"]
[BlackElo "1704"]
[Opening "QGD: Charousek (Petrosian) variation"]
[ECO "D31"]
[Time "12:09:30"]
[TimeControl "2700+45"]

1. d4 d5 2. c4 e6 3. Nc3 Be7 4. cxd5 exd5 5. Bf4 Nf6 6. e3 O-O 7. Qc2 Nc6 8. a3
Nh5 9. Bg3 Re8 10. Bd3 g6 11. Nge2 Nxg3 12. hxg3 Bf6 13. O-O-O Na5 14. Rh2 Bg7
15. Rdh1 h5 16. Nf4 Bg4 17. Nxg6 fxg6 18. Bxg6 Re6 19. Bxh5 Bxh5 20. Rxh5 c6 21.
Qh7+ Kf7 22. Rf5+ Rf6 23. Rhh5 Qg8 24. Rxf6+ Kxf6 25. Rf5+ Ke7 26. Re5+ Kf8 27.
Rf5+ Ke7 28. Re5+ Kf8 29. Rf5+ Ke7 30. Re5+ Kf8 {Game drawn by repetition}
1/2-1/2

[Event "Team 45 45 League T39"]
[Site "Internet Chess Club"]
[Date "2008.11.23"]
[Round "5"]
[White "werty"]
[Black "Cotesita"]
[Result "0-1"]
[WhiteElo "1516"]
[BlackElo "1633"]
[Opening "Queen's pawn game"]
[ECO "D04"]
[Time "08:02:09"]
[TimeControl "2700+45"]

1. d4 d5 2. Nf3 Nf6 3. e3 Bf5 4. Bd3 Bxd3 5. Qxd3 Nc6 6. c3 e6 7. O-O Bd6 8.
Nbd2 O-O 9. e4 dxe4 10. Nxe4 Be7 11. Bg5 h6 12. Bxf6 Bxf6 13. Rfe1 Re8 14. Rad1
Be7 15. Re2 Qd5 16. a3 Rad8 17. b4 b5 18. Nfd2 e5 19. Nf3 f5 20. Nxe5 Nxe5
{White resigns} 0-1

[Event "Team 45 45 League T39"]
[Site "Internet Chess Club"]
[Date "2008.11.24"]
[Round "5"]
[White "nodoyuna"]
[Black "Fidius"]
[Result "0-1"]
[WhiteElo "1830"]
[BlackElo "2010"]
[Opening "QGD semi-Slav"]
[ECO "D43"]
[Time "15:34:05"]
[TimeControl "2700+45"]

1. d4 d5 2. c4 e6 3. Nc3 Nf6 4. Nf3 c6 5. a3 dxc4 6. e4 b5 7. e5 Nd5 8. Ng5 h6
9. Qh5 g6 10. Qh3 Bb7 11. Be2 Nxc3 12. bxc3 c5 13. Bf3 hxg5 14. Qxh8 Bxf3 15.
gxf3 cxd4 16. Bd2 Nc6 17. Rg1 Qd5 18. cxd4 Nxd4 19. Bb4 Nxf3+ 20. Kf1 Qd3+ 21.
Kg2 Nh4+ {White resigns} 0-1

[Event "Team 45 45 League T39"]
[Site "Internet Chess Club"]
[Date "2008.11.25"]
[Round "5"]
[White "mugurelt"]
[Black "pedrin"]
[Result "0-1"]
[WhiteElo "1697"]
[BlackElo "1603"]
[Opening "QGD: 6.Nf3"]
[ECO "D55"]
[Time "16:03:19"]
[TimeControl "2700+45"]

1. d4 Nf6 2. c4 e6 3. Nc3 d5 4. Bg5 Be7 5. e3 O-O 6. Nf3 Nc6 7. a3 h6 8. Bxf6
Bxf6 9. cxd5 exd5 10. Bb5 Qd6 11. h4 Bd7 12. Bd3 Qe6 13. b4 Nxd4 14. Kf1 Nxf3
15. Nxd5 Bxa1 16. Nxc7 Nh2+ 17. Kg1 Qf6 18. Nxa8 Rxa8 19. Rxh2 Be5 20. Rh1 b6
21. f4 Bb2 22. g4 Bxa3 23. g5 hxg5 24. hxg5 Qc6 25. Qh5 Kf8 26. Qh8+ Ke7 27. Qh7
Bxb4 28. Kf2 g6 29. Rh6 Qc5 30. Bxg6 Rf8 31. Bxf7 Rxf7 32. Qe4+ Kd8 33. g6 Rg7
34. Qa8+ Ke7 35. Qe4+ Be6 36. Rh7 Rxh7 37. gxh7 Bc3 38. Qb7+ Kf8 39. Qg2 Qd5 40.
Qg6 Qd2+ 41. Kf3 Qd1+ 42. Kg2 Qe2+ 43. Kg3 Be1# {White checkmated} 0-1

[Event "Team 45 45 League T39"]
[Site "Internet Chess Club"]
[Date "2008.11.24"]
[Round "5"]
[White "lafuga3"]
[Black "OGO"]
[Result "1-0"]
[WhiteElo "1688"]
[BlackElo "1603"]
[Opening "Scotch game"]
[ECO "C45"]
[Time "15:14:51"]
[TimeControl "2700+45"]

1. e4 e5 2. Nf3 Nc6 3. d4 exd4 4. Nxd4 Nxd4 5. Qxd4 c5 6. Qd1 Be7 7. Bc4 d6 8.
Nc3 Nf6 9. Bg5 O-O 10. Qd2 Nxe4 11. Nxe4 Bf5 12. Bxe7 Qxe7 13. f3 d5 14. Qxd5
Bxe4 15. Qxe4 Qf6 16. O-O-O Rfe8 17. Qg4 b5 18. Bd5 c4 {Black resigns} 1-0

[Event "Team 45 45 League T39"]
[Site "Internet Chess Club"]
[Date "2008.11.22"]
[Round "5"]
[White "RD1974"]
[Black "jordifp"]
[Result "1/2-1/2"]
[WhiteElo "1627"]
[BlackElo "1733"]
[Opening "Bishop's opening: Berlin defense"]
[ECO "C24"]
[Time "16:00:38"]
[TimeControl "2700+45"]

1. e4 e5 2. Bc4 Nf6 3. d3 Bc5 4. Nc3 a6 5. f4 exf4 6. Bxf4 c6 7. Qf3 Qb6 8.
O-O-O d6 9. Na4 Qa5 10. Nxc5 Qxc5 11. h3 Be6 12. Bxe6 fxe6 13. Ne2 O-O 14. Nc3
e5 15. Be3 Qa5 16. Kb1 b5 17. g4 b4 18. Ne2 c5 19. g5 Nd5 20. Qg3 Nxe3 21. Qxe3
Nc6 22. Rdf1 Qc7 23. h4 a5 24. h5 a4 25. g6 h6 26. Rf5 a3 27. b3 Nd4 28. Nxd4
cxd4 29. Qd2 Qc3 30. Qxc3 dxc3 31. Rhf1 Rxf5 32. exf5 Rf8 33. Kc1 Rf6 34. Kd1
Kf8 35. Ke2 Ke7 36. Ke3 d5 {Game drawn by mutual agreement} 1/2-1/2

[Event "Team 45 45 League T39"]
[Site "Internet Chess Club"]
[Date "2008.11.21"]
[Round "5"]
[White "smsxman"]
[Black "GolfSuper"]
[Result "0-1"]
[WhiteElo "1505"]
[BlackElo "1597"]
[Opening "Sicilian: Smith-Morra gambit"]
[ECO "B21"]
[Time "14:00:11"]
[TimeControl "2700+45"]

1. e4 c5 2. d4 cxd4 3. c3 dxc3 4. Nxc3 d6 5. Bc4 Nf6 6. Nf3 e6 7. O-O Be7 8. Re1
O-O 9. Bb3 Nbd7 10. Bf4 Nc5 11. Bc2 Qb6 12. Rb1 a5 13. h3 Bd7 14. Be3 Qc6 15.
Nd4 Qc7 16. a3 Rac8 17. Bf4 e5 18. Ndb5 Bxb5 19. Nxb5 Qb6 20. b4 Qxb5 21. bxc5
Qxc5 22. Rc1 exf4 23. e5 Qxa3 24. exf6 Bxf6 25. Qg4 g6 26. Qxf4 Be5 27. Qe4 Qb4
28. Qe2 Rfe8 29. Kf1 Bc3 30. Qxe8+ Rxe8 31. Rxe8+ Kg7 32. Re2 Qf4 33. Rd1 Qh2
34. f3 Bb4 35. Kf2 Bc5+ 36. Ke1 Qg1+ 37. Kd2 Qd4+ 38. Ke1 Qg1+ 39. Kd2 Bb4+ 40.
Kd3 Qc5 41. Ke4 f5+ 42. Kd3 Qc3# {White checkmated} 0-1

[Event "Team 45 45 League T39"]
[Site "Internet Chess Club"]
[Date "2008.11.23"]
[Round "5"]
[White "curtintime"]
[Black "Visin"]
[Result "0-1"]
[WhiteElo "1313"]
[BlackElo "1332"]
[Opening "Ruy Lopez: Anderssen variation"]
[ECO "C77"]
[Time "14:00:10"]
[TimeControl "2700+45"]

1. e4 e5 2. Nf3 Nc6 3. Bb5 a6 4. Ba4 Nf6 5. d3 Be7 6. Bxc6 bxc6 7. Nxe5 d6 8.
Nxc6 Qd7 9. Nxe7 Qxe7 10. Nc3 d5 11. Bg5 Bb7 12. Bxf6 Qxf6 13. Nxd5 Bxd5 14.
exd5 Qxb2 15. Qe2+ Kd8 16. O-O Re8 17. Qd2 Qd4 18. Qg5+ Qf6 19. Qxf6+ gxf6 20.
Rab1 Kd7 21. f3 Re2 22. Rf2 Rae8 23. Kf1 R2e5 24. c4 c6 25. Rb7+ Kd6 26. Rb6
Re1# {White checkmated} 0-1

[Event "Team 45 45 League T39"]
[Site "Internet Chess Club"]
[Date "2008.11.22"]
[Round "5"]
[White "Xerses"]
[Black "BosqueVerde"]
[Result "0-1"]
[WhiteElo "1236"]
[BlackElo "1259"]
[Opening "Sicilian: Smith-Morra gambit"]
[ECO "B21"]
[Time "17:00:28"]
[TimeControl "2700+45"]

1. e4 c5 2. d4 cxd4 3. c3 dxc3 4. Nxc3 e5 5. Nf3 Nc6 6. Bc4 h6 7. O-O Nf6 8. a3
Be7 9. b4 O-O 10. Bb2 d6 11. Re1 Bg4 12. h3 Bh5 13. Qb3 Bxf3 14. gxf3 Nd4 15.
Qd1 Qd7 16. Bf1 Nh5 17. Nd5 Bg5 18. Bxd4 exd4 19. Qxd4 Bf6 20. e5 Bxe5 21. Rxe5
dxe5 22. Qxe5 Rfe8 23. Qxh5 Qd6 24. Rd1 Re5 25. Nf4 Qf6 26. Nd5 Rg5+ 27. Bg2 Qe5
28. f4 Rxg2+ 29. Kxg2 Qxh5 30. Ne3 Re8 31. Rd5 Qg6+ 32. Kh2 Qe4 33. f5 Qf4+ 34.
Kh1 Rxe3 35. fxe3 Qf3+ 36. Kh2 Qxd5 37. e4 Qxe4 38. h4 Qxh4+ 39. Kg2 Qg4+ 40.
Kh2 Qxf5 41. Kg2 Qf4 42. Kg1 f6 43. Kh1 Qg5 44. Kh2 f5 45. Kh1 f4 46. Kh2 f3 47.
Kh1 f2 48. Kh2 f1=Q 49. b5 Qfg2# {White checkmated} 0-1

[Event "Team 45 45 League T39"]
[Site "Internet Chess Club"]
[Date "2008.11.21"]
[Round "5"]
[White "rookmaster23"]
[Black "MeansToAnEnd"]
[Result "1-0"]
[WhiteElo "1318"]
[BlackElo "1100"]
[Opening "Modern defense"]
[ECO "A40"]
[Time "20:02:41"]
[TimeControl "2700+45"]

1. d4 g6 2. Nf3 d6 3. c4 Bg7 4. Bf4 Nc6 5. e3 Bg4 6. Nc3 e5 7. dxe5 Nxe5 8. Be2
Nxf3+ 9. Bxf3 Bxf3 10. Qxf3 Ne7 11. Qxb7 O-O 12. Qe4 Rb8 13. Rb1 Bxc3+ 14. bxc3
Rxb1+ 15. Qxb1 Nf5 16. e4 Nh4 17. O-O Qf6 18. Qc1 Re8 19. Bg5 Qe5 20. Bxh4 Qxe4
21. Bf6 Qe6 22. Bg5 Qxc4 23. Bh6 Qxa2 24. Qg5 Qe6 25. h3 f6 26. Qe3 g5 27. Qg3
Kf7 28. h4 Qe5 29. hxg5 Qxg3 30. fxg3 Kg6 31. Rxf6+ Kh5 32. Kh2 Re3 33. Rf7 Rxc3
34. Rxh7 a5 35. Bg7+ Kg6 36. Bxc3 Kxh7 37. Bxa5 Kg6 38. Bxc7 d5 39. Bb6 Kxg5 40.
Kh3 Kg6 41. Kh4 Kh6 42. Be3+ Kg6 43. g4 Kf7 44. Kh5 Kg7 45. Kg5 Kf7 46. Kh6 Kg8
47. g5 d4 48. Bxd4 Kf7 49. Kh7 Kf8 50. g6 Ke7 51. g7 Kf7 52. g8=Q+ Ke7 53. Bc5+
Kd7 54. Qd5+ Ke8 55. Qh5+ Kd7 56. g4 Kc6 57. g5 Kxc5 58. g6+ Kc6 59. g7 Kd7 60.
g8=Q Ke7 61. Qgg6 Kd8 62. Qg7 {Black resigns} 1-0

[Event "Team 45 45 League T39"]
[Site "Internet Chess Club"]
[Date "2008.11.23"]
[Round "5"]
[White "Kravier"]
[Black "Invicta-Knight"]
[Result "0-1"]
[WhiteElo "1505"]
[BlackElo "1497"]
[Opening "Scandinavian defense"]
[ECO "B01"]
[Time "08:13:35"]
[TimeControl "2700+45"]

1. e4 d5 2. exd5 Nf6 3. Nf3 Qxd5 4. Nc3 Qd6 5. Be2 Bf5 6. O-O Nc6 7. Bb5 O-O-O
8. d3 Bg4 9. Bxc6 Qxc6 10. Ne5 Qe6 11. Nxg4 Qxg4 12. Qxg4+ Nxg4 13. Be3 Nxe3 14.
fxe3 f6 15. Rf4 e5 16. Ra4 Bc5 17. Kf2 f5 18. Ke2 g5 19. Nb5 a6 20. Nc3 Rd6 21.
e4 f4 22. Rb1 Rh6 23. h3 Rf8 24. Kf3 Rg6 25. b4 Ba7 26. b5 h5 27. Nd5 g4+ 28.
hxg4 hxg4+ 29. Ke2 f3+ 30. Kf1 Rh6 31. gxf3 Rh1+ 32. Kg2 Rxb1 33. bxa6 gxf3+ 34.
Kg3 Rg1+ 35. Kh2 Rh8# {White checkmated} 0-1

[Event "Team 45 45 League T39"]
[Site "Internet Chess Club"]
[Date "2008.11.23"]
[Round "5"]
[White "houseofcook"]
[Black "kublai"]
[Result "1-0"]
[WhiteElo "1433"]
[BlackElo "1511"]
[Opening "French: advance, Paulsen attack"]
[ECO "C02"]
[Time "12:00:33"]
[TimeControl "2700+45"]

1. e4 e6 2. d4 d5 3. e5 c5 4. c3 Nc6 5. Nf3 Qb6 6. Be2 cxd4 7. cxd4 Nh6 8. Bxh6
Qxb2 9. Be3 Qxa1 10. Qc2 Nb4 11. Bb5+ Bd7 12. Bxd7+ Kxd7 13. Qa4+ Nc6 14. Qb3
Bb4+ 15. Ke2 Bd2 16. Qxb7+ Kd8 17. Qxa8+ Kc7 18. Qxh8 Bxe3 19. fxe3 Qxa2+ 20.
Nbd2 Qa6+ 21. Kf2 Qd3 22. Qxg7 Ne7 23. Qxf7 Kd7 {Black resigns} 1-0